Map: [ESL] Data-C

Players

trigger - Winner!

  • Race: Protoss Protoss
  • Spawn Location: 9:00

Ukko

  • Race: Zerg Zerg
  • Spawn Location: 3:00

Event: DreamHack SC2 Masters 2022 Atlanta (Online)

VOD

Have the link to the VOD?

Description

Time

  • Played on: Oct. 5, 2022, 3:32 p.m.
  • Length: 18:47

All games in this series

Show
View Real Time Build Order
Export as new Build Order

trigger Protoss - Winner!

Build Orders: 1 Gate Expand, Oracle Opening, Carriers 

Get SALT Encoding   

  12  0:00  Probe  
  13  0:12  Probe  
  14  0:19  Pylon  
  14  0:24  Probe  
  15  0:38  Probe (Chrono Boost)  
  15  0:39  Gateway  
  16  0:46  Probe (Chrono Boost)  
  16  0:47  Assimilator  
  17  0:52  Probe  
  19  1:04  Probe  
  19  1:16  Probe  
  20  1:24  Nexus  
  20  1:28  Probe  
  21  1:38  Cybernetics Core  
  21  1:44  Probe, Assimilator  
  22  1:51  Pylon  
  22  1:57  Probe  
  23  2:09  Probe (Chrono Boost)  
  23  2:14  Adept, Warp Gate  
  26  2:20  Probe (Chrono Boost)  
  27  2:25  Probe (Chrono Boost)  
  28  2:31  Stargate  
  28  2:36  Probe (Chrono Boost)  
  30  2:41  Probe (Chrono Boost)  
  31  2:44  Adept  
  31  2:45  Probe (Chrono Boost)  
  31  2:49  Probe (Chrono Boost)  
  33  2:51  Probe, Gateway  
  34  3:00  Probe  
  34  3:03  Probe  
  36  3:11  Oracle (Chrono Boost)  
  36  3:12  Probe  
  37  3:15  Probe  
  37  3:19  Pylon  
  41  3:24  Probe  
  42  3:27  Probe  
  43  3:36  Probe  
  43  3:38  Oracle (Chrono Boost)  
  43  3:39  Probe  
  48  3:46  Nexus  
  49  3:48  Probe  
  49  3:49  Pylon  
  49  3:52  Probe  
  50  4:00  Probe, Assimilator  
  51  4:06  Probe  
  51  4:07  Oracle (Chrono Boost)  
  55  4:12  Probe, Assimilator  
  55  4:13  Pylon  
  56  4:18  Probe  
  56  4:19  Pylon  
  56  4:21  Twilight Council  
  57  4:24  Probe  
  57  4:30  Probe  
  59  4:32  Forge  
  59  4:36  Probe  
  60  4:42  Probe  
  61  4:48  Sentry x2, Gateway  
  61  4:49  Probe  
  61  4:50  Gateway  
  66  4:56  Blink (Chrono Boost)  
  66  4:58  Probe  
  67  5:00  Probe  
  67  5:01  Shield Battery  
  67  5:05  Pylon  
  68  5:10  Protoss Ground Weapons Level 1, Probe (Chrono Boost)  
  69  5:14  Probe x2 (Chrono Boost)  
  69  5:17  Stalker x2  
  76  5:22  Probe (Chrono Boost)  
  76  5:24  Probe x2 (Chrono Boost)  
  76  5:27  Probe (Chrono Boost)  
  76  5:28  Gateway  
  79  5:29  Probe (Chrono Boost)  
  79  5:31  Probe  
  79  5:32  Robotics Facility  
  81  5:36  Assimilator  
  81  5:37  Probe  
  81  5:41  Probe  
  83  5:46  Probe  
  83  5:47  Sentry x2  
  83  5:48  Assimilator  
  83  5:49  Probe  
  89  5:53  Probe  
  89  5:57  Gateway  
  90  5:58  Probe  
  90  5:59  Pylon  
  90  6:00  Pylon  
  90  6:01  Probe  
  92  6:07  Stalker x2  
  96  6:15  Nexus  
  96  6:17  Pylon  
  96  6:19  Stalker x2  
  100  6:31  Stalker x2  
  104  6:38  Probe  
  104  6:39  Observer  
  106  6:41  Robotics Bay  
  106  6:44  Robotics Facility  
  107  6:47  Pylon, Probe, Photon Cannon  
  107  6:48  Probe  
  107  6:49  Shield Battery  
  108  6:55  Stalker x4  
  108  7:01  Sentry x2  
  120  7:03  Shield Battery  
  120  7:07  Shield Battery  
  120  7:08  Protoss Ground Weapons Level 2 (Chrono Boost)  
  120  7:09  Pylon  
  120  7:12  Gateway  
  120  7:13  Probe  
  120  7:14  Probe x2  
  123  7:20  Pylon  
  123  7:28  Probe  
  123  7:29  Extended Thermal Lance  
  130  7:30  Colossus (Chrono Boost)  
  130  7:36  Probe  
  131  7:38  Gateway  
  131  7:43  Pylon  
  137  7:45  Pylon  
  137  7:47  Colossus (Chrono Boost)  
  137  8:00  Photon Cannon  
  137  8:02  Photon Cannon  
  137  8:05  Sentry x2, Pylon  
  141  8:08  Colossus (Chrono Boost)  
  147  8:17  Stalker  
  151  8:23  Warp Prism (Chrono Boost), Stalker x3  
  157  8:27  Assimilator  
  157  8:31  Gateway  
  157  8:32  Gateway  
  157  8:43  Colossus (Chrono Boost)  
  157  8:47  Stalker  
  165  8:53  Colossus (Chrono Boost)  
  147  9:07  Stalker x5  
  139  9:25  Assimilator  
  139  9:27  Colossus (Chrono Boost)  
  139  9:31  Charge (Chrono Boost), Sentry x3  
  148  9:45  Sentry x2  
  152  9:52  Photon Cannon  
  152  9:53  Photon Cannon  
  152  9:54  Pylon  
  152  9:55  Zealot x2  
  152  9:56  Zealot x2  
  160  10:02  Sentry x2  
  164  10:15  Sentry x2  
  164  10:16  Sentry x2  
  164  10:20  Colossus (Chrono Boost)  
  178  10:29  Gateway  
  178  10:30  Nexus, Zealot x6, Gateway  
  169  10:53  Stalker x10  
  189  11:11  Protoss Ground Weapons Level 3 (Chrono Boost)  
  189  11:21  Zealot x3  
  191  11:27  Zealot x3  
  191  11:28  Nexus  
  194  11:40  Disruptor  
  194  11:43  Stargate  
  194  11:46  Fleet Beacon  
  191  11:47  Stargate  
  191  11:52  Zealot  
  193  12:04  Disruptor  
  194  12:10  Pylon  
  195  12:23  Void Ray (Chrono Boost)  
  187  12:40  Protoss Air Weapons Level 1 (Chrono Boost)  
  186  13:03  Disruptor, Carrier (Chrono Boost)  
  187  13:08  Carrier x2 (Chrono Boost)  
  191  13:26  Disruptor  
  173  13:43  Nexus  
  173  13:49  Zealot x6  
  173  13:51  Colossus  
  185  13:57  Carrier (Chrono Boost)  
  185  14:00  Observer  
  188  14:05  Photon Cannon  
  188  14:07  Photon Cannon x2  
  194  14:12  Carrier (Chrono Boost), Pylon  
  194  14:25  Zealot  
  200  14:31  Photon Cannon  
  200  14:33  Carrier (Chrono Boost), Photon Cannon  
  200  14:34  Photon Cannon  
  200  14:37  Photon Cannon  
  188  14:48  Disruptor  
  169  14:53  Zealot  
  169  14:54  Zealot x7  
  169  14:56  Carrier (Chrono Boost)  
  169  14:58  Disruptor  
  190  15:10  Carrier (Chrono Boost)  
  192  15:26  Nexus  
  192  15:36  Observer  
  193  15:43  Disruptor  
  196  15:55  Carrier (Chrono Boost)  
  187  15:59  Zealot  
  187  16:00  Zealot x3  
  195  16:08  Zealot  
  182  16:21  Flux Vanes  
  177  16:30  Void Ray (Chrono Boost)  
  177  16:32  Disruptor  
  179  16:34  Zealot x4, Probe x3 (Chrono Boost)  
  179  16:35  Zealot  
  179  16:36  Probe (Chrono Boost)  
  179  16:38  Void Ray (Chrono Boost)  
  179  16:39  Protoss Air Weapons Level 2 (Chrono Boost)  
  190  16:46  Probe x2 (Chrono Boost)  
  192  16:50  Probe (Chrono Boost)  
  192  16:52  Nexus  
  193  16:54  Zealot  
  193  16:57  Zealot  
  193  17:05  Probe (Chrono Boost)  
  196  17:08  Void Ray  
  196  17:09  Probe (Chrono Boost)  
  196  17:10  Probe (Chrono Boost)  
  196  17:16  Probe (Chrono Boost)  
  196  17:18  Probe (Chrono Boost)  
  196  17:41  Templar Archives  
  196  17:53  Probe  
  194  17:59  Probe  
  194  18:00  Probe  
  194  18:03  Probe  
  198  18:05  Probe  
  196  18:25  Zealot x3  
Show
View Real Time Build Order
Export as new Build Order

Ukko Zerg 

Build Orders: Hatch First, Lurkers 

Get SALT Encoding   

  12  0:00  Drone  
  13  0:13  Overlord  
  13  0:17  Drone  
  14  0:31  Drone x2  
  16  0:50  Hatchery  
  16  0:53  Drone  
  16  0:57  Drone  
  16  1:00  Drone  
  18  1:11  Extractor  
  18  1:16  Spawning Pool  
  16  1:20  Drone  
  16  1:22  Drone  
  18  1:30  Drone  
  19  1:39  Drone  
  20  1:53  Overlord  
  20  2:03  Queen x2  
  20  2:04  Zergling x4  
  26  2:13  Drone x2  
  26  2:15  Metabolic Boost  
  28  2:22  Drone  
  29  2:27  Drone  
  30  2:38  Hatchery  
  29  2:44  Queen  
  29  2:49  Overlord  
  31  2:52  Drone  
  31  2:54  Drone  
  31  2:57  Drone  
  34  2:59  Drone  
  34  3:01  Drone  
  36  3:07  Queen  
  36  3:11  Overlord  
  38  3:14  Drone  
  38  3:19  Drone x2  
  41  3:20  Drone  
  41  3:22  Drone  
  41  3:24  Drone  
  44  3:27  Overlord  
  44  3:30  Drone  
  44  3:32  Zergling x2  
  46  3:36  Zergling x2  
  46  3:38  Queen  
  49  3:44  Spore Crawler  
  48  3:50  Spore Crawler  
  48  3:51  Drone x3  
  48  3:52  Evolution Chamber  
  48  3:55  Drone x2  
  51  3:59  Drone x3  
  53  4:07  Drone x3  
  55  4:13  Queen  
  57  4:18  Spore Crawler, Drone  
  57  4:21  Zerg Melee Weapons Level 1  
  57  4:25  Drone x2  
  57  4:27  Drone  
  57  4:29  Drone x2  
  62  4:31  Drone  
  62  4:34  Overlord  
  62  4:35  Drone  
  64  4:42  Drone x2  
  66  4:51  Overlord  
  66  4:56  Drone x8  
  73  5:00  Extractor  
  71  5:09  Drone x7  
  76  5:15  Drone x2  
  76  5:16  Lair  
  76  5:18  Baneling Nest  
  77  5:23  Hatchery  
  76  5:32  Zergling x4  
  76  5:34  Hatchery  
  76  5:37  Roach Warren  
  76  5:38  Drone x2  
  76  5:39  Drone, Extractor  
  76  5:40  Drone x2  
  80  5:47  Extractor  
  80  5:48  Extractor  
  78  5:50  Drone x3  
  78  5:52  Overlord x2  
  81  6:00  Baneling Nest  
  80  6:14  Drone  
  80  6:15  Drone x2  
  80  6:16  Zergling x18  
  80  6:17  Glial Reconstitution  
  80  6:18  Zerg Melee Weapons Level 2  
  92  6:24  Roach x2  
  96  6:25  Overlord x3  
  96  6:36  Overlord x4  
  96  6:39  Overlord  
  96  6:46  Roach x5, Ravager x2  
  108  6:53  Zergling x12  
  114  6:55  Spore Crawler  
  113  7:04  Drone x9  
  113  7:07  Centrifugal Hooks  
  122  7:09  Drone x2  
  122  7:12  Ravager x2  
  126  7:15  Drone  
  126  7:16  Drone  
  126  7:21  Drone x5  
  133  7:27  Extractor  
  133  7:29  Extractor  
  131  7:32  Baneling x8  
  131  7:34  Zergling x4  
  133  7:38  Zergling x10  
  138  7:45  Spore Crawler  
  138  7:47  Baneling x9  
  138  7:48  Zergling x14  
  144  7:56  Zergling x16  
  152  8:00  Overseer  
  152  8:03  Overseer, Overlord x3  
  152  8:06  Ravager  
  152  8:07  Ravager x2  
  152  8:08  Baneling x8  
  155  8:14  Zergling x10  
  160  8:23  Zergling x6  
  163  8:31  Zergling x18  
  172  8:39  Overlord x2  
  170  8:44  Zergling x28  
  181  8:59  Zergling x18  
  177  9:05  Zergling x4  
  170  9:10  Drone x3  
  170  9:12  Hydralisk Den  
  170  9:14  Infestation Pit  
  152  9:17  Zergling x18  
  152  9:22  Zergling x10  
  158  9:27  Baneling x23  
  158  9:28  Zergling x4  
  157  9:32  Hatchery  
  157  9:36  Zergling x6  
  158  9:44  Muscular Augments, Zerg Missile Weapons Level 1  
  158  9:45  Lurker Den  
  152  9:48  Roach x8  
  152  9:52  Hive  
  168  9:59  Zergling x20  
  176  10:15  Hydralisk x8  
  192  10:31  Zergling x14  
  192  10:32  Hatchery  
  198  10:37  Hydralisk x2  
  191  10:46  Hydralisk x2  
  189  10:59  Lurker x2  
  189  11:00  Lurker x5  
  196  11:09  Seismic Spines  
  196  11:10  Grooved Spines, Adrenal Glands  
  188  11:23  Lurker x4  
  188  11:24  Zergling x18  
  188  11:25  Zergling x2  
  198  11:35  Drone x2  
  196  11:53  Hydralisk x2  
  196  11:54  Zergling x2  
  199  11:55  Overlord x2  
  197  12:06  Hydralisk x3  
  197  12:08  Baneling x16  
  197  12:21  Lurker  
  197  12:22  Zergling x22, Lurker  
  200  12:26  Extractor  
  200  12:27  Zerg Missile Weapons Level 2  
  188  12:41  Drone x2, Spire  
  188  12:42  Drone  
  190  12:50  Hatchery  
  188  12:53  Zergling x22  
  184  13:08  Zergling x24  
  191  13:23  Hydralisk x5  
  191  13:24  Hydralisk x2  
  194  13:27  Spire  
  188  13:40  Extractor  
  187  13:42  Drone x10  
  187  13:43  Drone x2  
  199  13:50  Hatchery  
  199  13:55  Queen, Hydralisk x6  
  186  13:56  Zergling x4  
  184  14:12  Lurker x6  
  184  14:13  Zerg Flyer Armor Level 1  
  184  14:16  Extractor  
  188  14:17  Spore Crawler, Drone x7, Extractor  
  184  14:32  Corruptor x2, Lurker x3  
  186  14:41  Zergling x4, Hydralisk x4  
  186  14:42  Zergling x16  
  174  14:49  Zergling x20  
  166  15:02  Corruptor x4  
  166  15:07  Zergling x8  
  173  15:13  Corruptor  
  161  15:29  Corruptor x4  
  161  15:34  Zergling x10  
  160  15:42  Lurker  
  160  15:43  Lurker x3  
  160  15:48  Zergling x12  
  156  16:08  Zergling x26  
  138  16:21  Hydralisk x3  
  139  16:27  Zerg Flyer Weapons Level 1, Zerg Flyer Armor Level 2  
  127  16:44  Hydralisk x5  
  137  16:48  Lurker x2  
  125  17:09  Corruptor x3  
  125  17:11  Lurker x2  
  125  17:15  Lurker  
  133  17:40  Hatchery  
  133  17:43  Zergling x14  
  128  17:58  Lurker x2  
  128  18:04  Ultralisk Cavern  
  128  18:05  Viper  
Tags
 
Add a new tag
Caveats
  • Supply blocks, unpowered buildings, or Contaminate may cause inaccurate times.
  • Supply counts are checked every 10 seconds.